Map: Cañón atribulado

Players

TATORREA - Winner!

  • Race: Protoss Protoss
  • League: Silver
  • Spawn Location: 12:00

MrFercho - Winner!

  • Race: Zerg Zerg
  • League: Silver
  • Spawn Location: 12:00

tigro - Winner!

  • Race: Terran Terran
  • League: Bronze
  • Spawn Location: 3:00

TrapsCreato

  • Race: Zerg Zerg
  • Spawn Location: 7:00

NotSoSpecial

  • Race: Terran Terran
  • Spawn Location: 6:00

Sparky

  • Race: Protoss Protoss
  • Spawn Location: 6:00

VOD

Have the link to the VOD?

Description

Time

  • Played on: June 18, 2020, 10:21 p.m.
  • Length: 22:13
Show
View Real Time Build Order
Export as new Build Order

TATORREA Protoss - Winner!

Build Orders: Carriers 

Get SALT Encoding   

  12  0:01  Probe  
  13  0:16  Pylon  
  13  0:19  Probe  
  14  0:31  Probe  
  15  0:43  Probe  
  15  0:45  Gateway  
  16  0:54  Probe  
  17  1:00  Assimilator  
  17  1:02  Probe  
  17  1:10  Probe  
  19  1:21  Probe  
  20  1:33  Probe  
  21  1:42  Probe  
  22  2:24  Nexus  
  22  2:26  Pylon  
  22  2:29  Pylon  
  22  2:30  Probe  
  23  2:40  Probe  
  23  2:41  Cybernetics Core  
  23  2:44  Gateway  
  24  2:48  Assimilator  
  24  2:58  Probe  
  25  3:10  Probe  
  26  3:26  Probe  
  27  3:36  Probe  
  27  3:38  Warp Gate, Probe  
  29  3:45  Robotics Facility  
  29  3:46  Gateway  
  29  3:48  Probe  
  29  3:49  Stalker  
  29  3:50  Stalker, Probe  
  35  4:00  Probe  
  35  4:02  Probe  
  37  4:10  Nexus  
  37  4:12  Probe  
  38  4:17  Pylon  
  38  4:21  Pylon, Probe  
  38  4:22  Probe  
  39  4:29  Probe  
  39  4:30  Probe  
  42  4:39  Probe  
  42  4:40  Immortal, Probe  
  48  4:54  Probe x2  
  48  4:55  Assimilator  
  50  5:00  Assimilator  
  50  5:06  Probe x2  
  52  5:18  Probe x2  
  54  5:24  Probe  
  55  5:30  Probe x2  
  57  5:36  Probe  
  57  5:42  Probe x2  
  60  5:43  Pylon  
  60  5:46  Pylon  
  60  5:50  Robotics Bay  
  60  6:00  Gateway  
  60  6:01  Gateway  
  60  6:06  Probe x3  
  60  6:07  Gateway  
  60  6:08  Gateway  
  63  6:16  Assimilator  
  63  6:18  Probe x3  
  66  6:19  Pylon  
  66  6:21  Assimilator  
  66  6:22  Pylon  
  66  6:27  Pylon, Nexus  
  66  6:33  Pylon  
  66  6:38  Pylon x2  
  66  6:40  Probe x3  
  66  6:42  Pylon  
  69  6:52  Probe x3  
  72  6:56  Extended Thermal Lance, Colossus  
  72  7:00  Stalker  
  80  7:04  Probe x3  
  83  7:16  Probe x3  
  86  7:28  Probe x3  
  89  7:32  Stargate  
  89  7:33  Stargate  
  89  7:36  Stargate  
  89  7:38  Stalker x3  
  89  7:39  Stargate  
  89  7:42  Stalker  
  89  7:43  Stalker  
  99  7:46  Stalker  
  99  7:49  Probe  
  99  7:50  Colossus, Probe x3  
  111  7:57  Stalker  
  100  8:22  Stalker x4  
  100  8:23  Stalker x2  
  100  8:24  Stalker  
  114  8:27  Probe  
  114  8:28  Probe x3  
  118  8:40  Probe x4  
  122  8:42  Phoenix x2  
  122  8:43  Phoenix x2  
  130  8:54  Probe x4  
  134  9:03  Stalker x4  
  134  9:04  Stalker x2  
  134  9:06  Probe x4  
  150  9:26  Stalker x2  
  150  9:27  Stalker x2  
  150  9:28  Stalker x2  
  150  9:30  Stalker  
  135  10:10  Probe  
  136  10:23  Gateway  
  136  10:24  Gateway  
  136  10:26  Gateway  
  136  10:28  Gateway  
  136  10:29  Forge  
  136  10:32  Forge  
  136  10:34  Fleet Beacon, Forge  
  136  10:55  Assimilator  
  135  10:57  Assimilator  
  135  10:58  Nexus  
  135  11:02  Stalker x3  
  135  11:03  Stalker x3  
  135  11:04  Stalker  
  135  11:22  Probe x4  
  138  11:29  Phoenix  
  138  11:30  Phoenix x3  
  146  11:35  Anion Pulse-Crystals  
  146  11:43  Probe x4  
  150  11:54  Phoenix  
  150  11:55  Phoenix x3, Probe x3  
  153  12:40  Phoenix x3  
  153  12:41  Phoenix  
  157  13:05  Phoenix  
  155  13:15  Stalker x2  
  155  13:16  Stalker x3  
  155  13:17  Stalker x4  
  155  13:18  Stalker x2  
  177  13:27  Probe  
  177  13:28  Probe x3  
  181  13:39  Probe  
  181  13:40  Probe x3  
  185  13:52  Probe  
  182  14:03  Protoss Ground Armor Level 1, Protoss Ground Weapons Level 1, Protoss Shields Level 1  
  182  14:08  Stalker x2  
  186  14:27  Pylon  
  186  14:30  Pylon  
  186  14:32  Pylon  
  186  14:34  Pylon  
  186  14:38  Pylon  
  186  14:41  Pylon  
  186  14:44  Pylon  
  186  14:52  Carrier  
  198  14:53  Carrier  
  195  15:15  Protoss Air Weapons Level 1  
  182  15:28  Carrier x2  
  155  15:33  Stalker x4  
  155  15:34  Stalker x3  
  155  15:35  Stalker x4  
  155  15:56  Tempest x2  
  159  16:32  Tempest x2  
  155  16:39  Carrier  
  151  16:40  Carrier  
  145  17:15  Carrier x2  
  151  17:24  Stalker x3  
  151  17:25  Stalker x3  
  151  17:26  Stalker x3  
  151  17:27  Stalker x2  
  173  17:30  Colossus  
  173  17:32  Protoss Air Weapons Level 2  
  173  17:43  Tempest x2  
  177  17:45  Twilight Council  
  177  17:57  Stalker  
  177  17:58  Stalker x5  
  183  17:59  Stalker x5  
  197  18:13  Nexus  
  197  18:16  Pylon x2  
  197  21:32  Stalker  
Show
View Real Time Build Order
Export as new Build Order

MrFercho Zerg - Winner!

Build Orders: Hatch First 

Get SALT Encoding   

  12  0:01  Drone  
  13  0:15  Overlord  
  13  0:21  Drone  
  14  0:37  Drone x3  
  17  0:57  Hatchery  
  17  0:58  Drone  
  17  1:02  Drone  
  18  1:18  Spawning Pool  
  18  1:20  Drone  
  18  1:22  Drone  
  19  1:26  Extractor  
  18  1:37  Drone  
  19  2:03  Drone  
  19  2:04  Drone  
  21  2:10  Queen x2  
  21  2:13  Overlord x2  
  21  2:15  Drone  
  26  2:23  Zergling x2  
  26  2:25  Drone  
  28  2:35  Drone  
  28  2:37  Drone  
  30  2:42  Extractor  
  29  2:48  Drone x2  
  31  2:53  Queen  
  31  2:54  Extractor  
  32  3:00  Lair  
  32  3:07  Drone  
  32  3:11  Drone x3  
  36  3:15  Drone  
  37  3:22  Roach Warren, Drone  
  37  3:45  Drone x6  
  43  3:58  Drone  
  44  4:06  Hatchery  
  44  4:08  Overlord x2  
  44  4:09  Overlord  
  43  4:21  Extractor, Glial Reconstitution  
  42  4:30  Evolution Chamber  
  41  4:34  Evolution Chamber  
  41  4:35  Roach x6  
  52  4:39  Drone  
  52  4:40  Drone  
  54  4:55  Drone x4  
  54  4:56  Zerg Missile Weapons Level 1  
  58  5:00  Zerg Ground Armor Level 1  
  58  5:02  Drone  
  58  5:03  Drone  
  60  5:12  Drone  
  60  5:13  Drone  
  62  5:18  Drone x2  
  62  5:20  Drone x5  
  69  5:35  Hydralisk Den, Drone x3  
  70  5:36  Drone  
  70  5:37  Drone  
  73  5:43  Drone  
  74  5:50  Overseer  
  74  5:52  Overlord x2  
  74  5:53  Overlord x2  
  74  6:10  Extractor  
  74  6:11  Extractor  
  72  6:14  Drone x4  
  72  6:15  Drone x8  
  84  6:27  Overseer  
  84  6:44  Grooved Spines  
  84  6:45  Infestation Pit  
  83  7:17  Drone x12  
  83  7:18  Drone x5  
  100  7:23  Hatchery  
  100  7:25  Extractor  
  100  7:27  Extractor, Hive  
  97  7:45  Zerg Missile Weapons Level 2, Zerg Ground Armor Level 2  
  97  7:51  Lurker Den  
  97  7:56  Muscular Augments  
  96  8:00  Hydralisk x5  
  96  8:05  Overlord x5  
  94  8:24  Drone x8  
  102  8:28  Queen  
  102  8:34  Spore Crawler x2  
  103  8:38  Spore Crawler  
  101  8:41  Spore Crawler  
  101  8:43  Spore Crawler  
  101  8:46  Hydralisk x6  
  111  8:51  Spore Crawler  
  110  8:56  Hydralisk x5  
  120  9:09  Queen  
  122  9:10  Overlord x3  
  122  9:20  Hydralisk  
  122  9:21  Hydralisk x6  
  134  9:32  Adaptive Talons  
  134  9:35  Hydralisk  
  134  9:36  Hydralisk x8  
  152  9:44  Lurker x2  
  152  9:45  Lurker  
  155  9:55  Drone x5  
  155  9:56  Drone  
  161  10:02  Drone x2  
  161  10:03  Drone x3  
  161  10:06  Hydralisk x5  
  176  10:14  Overlord x2  
  176  10:29  Seismic Spines  
  176  10:30  Overseer x3  
  176  10:46  Nydus Network  
  175  10:50  Zerg Missile Weapons Level 3, Zerg Ground Armor Level 3  
  175  10:54  Spire  
  174  11:34  Hydralisk x3  
  174  11:35  Hydralisk x6  
  189  12:15  Overlord  
  189  12:16  Overlord x10  
  189  12:26  Spore Crawler  
  189  12:27  Spore Crawler x2  
  186  12:32  Zerg Flyer Weapons Level 1  
  186  12:33  Spore Crawler  
  184  12:38  Pneumatized Carapace  
  184  12:44  Hydralisk x8  
  200  13:13  Nydus Canal  
  188  14:04  Hydralisk x11  
  188  14:05  Hydralisk  
  127  14:27  Zerg Flyer Armor Level 1  
  127  14:41  Hatchery  
  127  14:42  Hatchery  
  127  14:43  Hydralisk x7  
  127  14:44  Hydralisk x8  
  127  14:45  Hatchery  
  154  14:47  Hatchery  
  154  14:48  Hatchery  
  149  15:04  Lurker x2  
  149  15:05  Lurker x6  
  157  15:29  Hydralisk x5  
  157  15:30  Hydralisk x16  
  195  16:09  Hydralisk x3  
  175  17:02  Hydralisk x12  
  187  18:03  Hydralisk  
  187  18:04  Hydralisk x8  
  186  18:24  Hydralisk x2  
  186  18:25  Hydralisk x6  
  188  18:42  Hydralisk x4  
  188  18:43  Hydralisk x4  
  194  19:01  Hydralisk x5  
  183  19:34  Hydralisk x9  
  191  19:47  Hydralisk x6  
  191  19:48  Hydralisk  
  184  20:02  Hydralisk x9  
  198  20:12  Hydralisk x5  
  185  20:31  Overseer x3  
  177  21:04  Hydralisk x11  
  197  21:37  Hydralisk  
Show
View Real Time Build Order
Export as new Build Order

tigro Terran - Winner!

Build Orders:  

Get SALT Encoding   

  12  0:03  SCV  
  13  0:15  SCV  
  14  0:22  Supply Depot  
  14  0:28  SCV  
  15  0:36  Refinery  
  15  0:43  SCV  
  15  0:49  Barracks  
  16  1:00  Refinery  
  16  1:01  SCV  
  17  1:13  SCV  
  18  1:25  SCV  
  19  1:26  Supply Depot  
  19  1:37  SCV  
  20  1:40  Barracks Reactor  
  20  1:44  Marine  
  21  1:49  SCV  
  22  2:01  Marine  
  22  2:04  Barracks  
  23  2:19  Marine  
  24  2:22  Engineering Bay  
  24  2:25  SCV  
  25  2:37  Marine, SCV  
  27  2:49  SCV  
  28  2:55  Marine, Factory  
  29  3:03  Barracks Tech Lab  
  29  3:20  Barracks Reactor  
  29  3:23  Combat Shield  
  29  3:45  Factory Tech Lab  
  29  3:47  Orbital Command  
  29  4:03  Starport  
  29  4:19  Command Center  
  29  4:21  Terran Infantry Weapons Level 1  
  29  4:42  Stimpack  
  29  4:45  Medivac  
  31  4:48  Marine x3  
  34  5:06  Marine x3  
  37  5:24  Marine x2  
  39  5:30  Marine, Siege Tank, Refinery  
  39  5:33  Refinery  
  39  5:34  Starport Tech Lab  
  43  5:41  Marine  
  43  5:42  Marine  
  45  5:45  Fusion Core  
  45  5:48  Marine  
  46  5:54  SCV  
  47  6:01  Medivac  
  49  6:06  SCV  
  50  6:15  Terran Infantry Armor Level 1  
  50  6:18  SCV  
  50  6:22  Concussive Shells  
  51  6:30  SCV  
  52  6:43  SCV  
  53  6:52  Supply Depot  
  53  6:53  Weapon Refit  
  53  6:55  SCV  
  54  7:07  SCV  
  55  7:15  Supply Depot  
  55  7:19  SCV  
  56  7:31  Missile Turret  
  56  7:43  Armory  
  56  7:52  Missile Turret  
  56  8:09  Neosteel Armor  
  56  8:21  Starport  
  56  8:22  Missile Turret  
  56  8:24  Marine  
  56  8:26  Marine x2  
  59  8:33  Rapid Reignition System  
  59  8:42  Marine  
  59  8:44  Marine x2  
  59  8:45  Missile Turret  
  40  8:59  Marine  
  40  9:02  Marine  
  37  9:05  Marine  
  37  9:06  Missile Turret  
  32  9:17  Marine  
  32  9:19  Marine  
  32  9:21  Banshee  
  32  9:23  Marine  
  33  9:27  Starport Tech Lab  
  31  9:34  Missile Turret  
  31  9:35  Marine  
  31  9:37  Marine  
  30  9:41  Marine  
  31  9:48  Banshee  
  31  9:49  Hi-Sec Auto Tracking  
  33  9:53  Marine  
  33  9:55  Marine  
  33  9:59  Marine  
  36  10:04  Banshee  
  39  10:11  Marine  
  39  10:13  Marine  
  41  10:17  Marine  
  42  10:28  Marine  
  42  10:30  Command Center  
  42  10:31  Marine  
  42  10:35  Marine  
  45  10:46  Marine  
  45  10:47  Banshee  
  45  10:48  Refinery  
  45  10:49  Refinery  
  49  11:06  Terran Infantry Weapons Level 2  
  49  11:30  Medivac  
  51  11:53  Planetary Fortress  
  51  11:58  Battlecruiser  
  51  12:00  Medivac  
  59  12:06  Marine x3  
  62  12:25  SCV  
  63  12:35  Marine x3  
  66  12:37  SCV  
  65  12:50  SCV  
  66  13:02  SCV  
  55  13:14  SCV  
  52  13:48  Missile Turret  
  52  14:08  SCV  
  52  14:09  Missile Turret  
  53  14:21  SCV  
  54  14:33  SCV  
  54  14:34  Missile Turret  
  55  14:45  SCV  
  56  14:48  Command Center  
  56  14:54  Missile Turret  
  56  14:56  Battlecruiser  
  56  14:57  SCV  
  56  16:02  Missile Turret  
  56  16:06  Planetary Fortress  
  56  16:22  Missile Turret  
  56  16:23  Refinery  
  56  16:34  Refinery  
  56  16:55  Missile Turret  
  56  17:06  SCV  
  57  17:16  Missile Turret  
  57  17:18  SCV  
  58  17:30  SCV  
  59  17:38  Marine x3  
  59  17:42  SCV  
  63  17:54  SCV  
  63  17:56  Marine x3  
  67  18:13  Marine  
  67  18:14  Marine x2  
  70  18:31  Marine x3  
  52  18:49  Marine x3  
  54  19:07  Marine x3  
  57  19:25  Marine x3  
  48  19:42  Marine  
  48  19:43  Marine x2  
  39  20:00  Marine  
  39  20:01  Marine x2  
  39  20:02  Medivac x2  
  43  20:18  Marine x3  
  46  20:25  SCV  
  47  20:32  Battlecruiser  
  47  20:33  Battlecruiser  
  59  20:36  Marine x3  
  59  20:37  SCV  
  63  20:49  SCV  
  64  20:54  Marine x3  
  67  21:01  SCV  
  68  21:12  Marine  
  68  21:13  SCV  
  70  21:26  SCV  
  67  21:38  SCV  
Show
View Real Time Build Order
Export as new Build Order

TrapsCreato Zerg 

Build Orders: Hatch First, Roach Hydra 

Get SALT Encoding   

  12  0:00  Drone  
  13  0:08  Drone  
  14  0:19  Extractor  
  14  0:20  Drone  
  15  0:26  Overlord  
  15  0:47  Hatchery  
  14  0:51  Drone  
  14  0:54  Drone  
  16  1:09  Spawning Pool  
  15  1:13  Extractor  
  15  1:15  Drone  
  15  1:19  Drone  
  16  1:26  Drone  
  16  1:27  Drone  
  18  1:40  Overlord  
  18  1:50  Drone  
  19  1:56  Queen  
  21  2:02  Zergling x4  
  23  2:10  Queen  
  25  2:20  Metabolic Boost  
  25  2:24  Drone x2  
  25  2:27  Drone  
  28  2:32  Drone  
  28  2:33  Drone  
  30  2:43  Drone  
  31  2:44  Overlord  
  31  2:46  Drone  
  32  2:56  Lair  
  32  3:00  Drone x2  
  34  3:06  Overlord  
  34  3:08  Overlord  
  34  3:12  Drone  
  35  3:13  Drone  
  35  3:15  Drone  
  37  3:25  Roach Warren  
  36  3:28  Drone x2  
  36  3:29  Drone  
  36  3:31  Drone  
  38  3:47  Extractor  
  37  4:04  Glial Reconstitution  
  37  4:06  Roach x4  
  45  4:11  Drone x2  
  45  4:12  Drone x2  
  49  4:25  Hatchery  
  48  4:32  Roach x2  
  48  4:33  Roach x3  
  58  4:54  Evolution Chamber  
  58  4:56  Spore Crawler  
  58  4:58  Spore Crawler  
  55  5:01  Overlord, Roach x2  
  55  5:02  Overlord x3  
  59  5:20  Drone x2  
  61  5:21  Roach  
  61  5:22  Roach x7  
  61  5:24  Roach  
  79  5:33  Extractor  
  78  5:55  Drone x2  
  78  5:56  Drone  
  81  5:58  Drone x2  
  83  6:04  Hydralisk Den  
  83  6:05  Queen  
  83  6:06  Drone x2  
  86  6:12  Overlord, Drone x3  
  86  6:13  Drone  
  90  6:20  Extractor  
  90  6:24  Drone  
  90  6:35  Drone x2  
  90  6:37  Spore Crawler  
  91  6:44  Grooved Spines  
  91  6:45  Hydralisk x2  
  91  6:46  Hydralisk x3  
  101  6:47  Drone  
  101  6:48  Drone x3  
  105  6:58  Overlord x2  
  105  6:59  Overlord  
  105  7:20  Zerg Missile Weapons Level 1  
  105  7:26  Evolution Chamber  
  104  7:30  Drone x5  
  104  7:31  Drone  
  104  7:33  Hydralisk x4  
  104  7:34  Hydralisk  
  104  7:36  Zergling x6  
  123  7:59  Muscular Augments  
  123  8:00  Baneling Nest  
  123  8:04  Drone x5  
  127  8:07  Drone x2  
  127  8:09  Extractor  
  127  8:12  Zerg Ground Armor Level 1  
  117  9:10  Hydralisk x2  
  117  9:11  Zergling x4, Roach x2, Hydralisk  
  117  9:12  Overlord x4  
  117  9:13  Overlord x3  
  129  9:38  Hydralisk x8  
  129  9:39  Hydralisk  
  99  10:16  Centrifical Hooks, Infestation Pit  
  99  10:19  Zerg Ground Armor Level 2  
  99  10:20  Zerg Missile Weapons Level 2  
  98  10:53  Hive  
  98  11:19  Hydralisk  
  98  11:20  Hydralisk x12  
  98  11:22  Zergling x2  
  98  11:23  Zergling x20  
  135  11:41  Hatchery  
  134  11:49  Extractor  
  133  12:09  Ultralisk Cavern  
  132  12:18  Hatchery  
  131  12:30  Zergling x2  
  131  12:31  Zergling x34  
  131  12:35  Zerg Melee Weapons Level 1  
  131  12:36  Zergling x6  
  152  12:39  Zerg Ground Armor Level 3  
  152  12:42  Baneling x2  
  152  12:43  Baneling x5  
  152  12:44  Baneling x2  
  152  12:45  Baneling x2  
  152  12:58  Extractor  
  152  13:01  Extractor  
  150  13:06  Drone  
  150  13:07  Drone x3  
  154  13:14  Chitinous Plating  
  154  13:17  Ultralisk x2  
  154  13:19  Zergling x2  
  168  13:20  Zergling x20  
  168  13:24  Queen  
  179  13:33  Pneumatized Carapace  
  179  13:37  Overseer x2  
  139  14:07  Ultralisk x3  
  139  14:08  Zergling x2  
  139  14:09  Zergling x26  
  150  14:16  Drone  
  131  14:27  Drone  
  131  14:28  Queen  
  134  14:37  Anabolic Synthesis  
  134  14:41  Drone x3  
  111  15:22  Hydralisk x2  
  111  15:23  Zergling x6, Roach x2, Hydralisk x3  
  111  15:24  Zergling x6, Hydralisk x3, Roach x4  
  111  15:25  Zergling x4, Roach x2  
  99  15:43  Baneling x2  
  99  15:46  Baneling x14  
  99  15:49  Queen  
  99  15:55  Zerg Missile Weapons Level 3  
  99  15:56  Zerg Melee Weapons Level 2  
  101  16:02  Extractor  
  72  16:30  Ultralisk  
  72  16:32  Ultralisk  
  84  16:33  Zergling x2  
  84  16:34  Zergling x32  
  84  16:35  Zergling x12  
  107  16:45  Burrow  
  89  16:54  Baneling  
  89  16:55  Baneling x5  
  89  16:57  Zergling x2  
  89  16:58  Zergling x14  
  67  17:28  Baneling x4  
  67  17:29  Overseer  
  67  17:30  Overseer  
  67  17:31  Overlord x2  
  67  17:33  Zergling x20  
  77  17:38  Baneling x4  
  77  17:46  Spine Crawler x2  
  77  17:48  Baneling x4, Spine Crawler  
  77  17:49  Zergling x2  
  77  17:50  Zergling x8  
  79  17:58  Ultralisk  
  85  17:59  Zergling x2  
  85  18:00  Zergling x6  
  85  18:01  Zergling x2  
  47  18:49  Zergling x24, Spine Crawler x3  
  47  18:50  Zergling x2  
  44  19:11  Zergling x2  
  44  19:12  Zergling x6  
  48  19:18  Baneling  
  48  19:19  Baneling x7, Overseer  
  48  19:20  Overseer x2  
  48  19:23  Baneling  
  45  19:24  Baneling x7  
  45  19:34  Spine Crawler x4  
  45  19:36  Spine Crawler  
  40  19:43  Baneling  
  40  19:44  Baneling x2  
  31  20:03  Ultralisk  
  29  20:11  Drone x3  
  29  20:12  Drone x3  
  28  20:30  Drone  
  28  20:35  Drone  
  23  20:51  Hatchery  
Show
View Real Time Build Order
Export as new Build Order

NotSoSpecial Terran 

Build Orders:  

Get SALT Encoding   

  12  0:01  SCV  
  13  0:18  Supply Depot  
  14  0:21  SCV  
  14  0:33  SCV  
  15  0:44  Barracks  
  15  0:45  SCV  
  16  0:58  Supply Depot  
  16  1:00  SCV  
  16  1:01  Refinery  
  17  1:12  SCV  
  17  1:17  Engineering Bay  
  18  1:24  SCV  
  19  1:46  Supply Depot  
  19  2:12  Supply Depot  
  19  2:38  Marine  
  19  2:41  Command Center  
  21  2:44  SCV  
  21  2:48  Refinery  
  21  2:52  Supply Depot  
  21  2:56  Supply Depot, Marine, SCV  
  23  3:06  Factory  
  23  3:08  SCV  
  24  3:14  Marine  
  25  3:31  Marine  
  26  3:35  Sensor Tower  
  26  3:38  SCV  
  27  3:50  SCV  
  27  3:51  Factory Tech Lab  
  28  4:00  Barracks Tech Lab  
  28  4:02  SCV  
  29  4:14  SCV  
  30  4:29  Sensor Tower  
  30  4:47  Siege Tank  
  33  5:04  Command Center  
  33  5:19  Siege Tank  
  33  5:20  Sensor Tower  
  36  5:25  Missile Turret  
  36  5:26  Missile Turret  
  36  5:31  SCV x2  
  36  5:34  Supply Depot  
  38  5:45  Missile Turret  
  38  5:49  SCV x2  
  40  5:57  Supply Depot  
  40  6:01  SCV x2  
  42  6:05  Missile Turret  
  42  6:13  SCV  
  43  6:25  Missile Turret  
  43  6:39  Marine  
  44  6:41  Siege Tank  
  44  6:45  SCV  
  44  6:46  SCV x2  
  50  6:57  Marine, Refinery  
  50  6:58  SCV x3  
  50  6:59  Refinery  
  54  7:08  Barracks  
  54  7:13  Siege Tank  
  54  7:15  Marine  
  58  7:32  Marine  
  59  7:45  Siege Tank  
  59  7:50  Marine  
  65  7:51  SCV x2  
  65  7:54  Sensor Tower  
  65  7:55  Orbital Command  
  65  8:03  SCV  
  66  8:13  Missile Turret  
  66  8:14  SCV  
  66  8:15  SCV  
  66  8:17  Siege Tank  
  71  8:26  SCV  
  72  8:27  SCV  
  72  8:33  Missile Turret  
  73  8:38  SCV  
  73  8:39  SCV  
  75  8:50  SCV  
  75  8:52  SCV  
  75  8:53  Missile Turret  
  77  9:02  SCV  
  77  9:04  SCV  
  77  9:08  Marine  
  81  9:14  Barracks Reactor  
  80  9:26  Marine  
  74  9:44  Marine  
  69  10:02  Marine  
  70  10:17  Starport x2  
  70  10:19  Marine  
  70  10:21  Starport  
  71  10:25  Starport  
  71  10:51  Stimpack  
  71  10:55  Terran Infantry Weapons Level 1  
  71  10:59  Starport  
  71  11:00  Armory  
  71  11:03  Armory  
  71  11:06  Armory  
  71  11:11  Starport Tech Lab x2  
  71  11:12  Starport Tech Lab  
  71  11:15  Starport Reactor  
  71  11:38  Marine x3  
  74  11:49  Supply Depot  
  74  11:50  Command Center  
  74  11:51  Supply Depot  
  74  11:55  Marine  
  74  11:56  Marine x2  
  74  11:57  Terran Vehicle Weapons Level 1  
  74  11:59  Terran Ship Weapons Level 1, Terran Vehicle And Ship Armor Level 1  
  74  12:00  Banshee  
  74  12:01  Banshee x2  
  83  12:05  Viking  
  88  12:10  Orbital Command  
  88  12:11  Supply Depot, Refinery  
  88  12:13  Marine  
  88  12:14  Marine x2, Refinery  
  91  12:31  Supply Depot, Combat Shield, Marine  
  91  12:32  Marine x2  
  91  12:34  Supply Depot  
  91  12:36  Supply Depot  
  94  12:37  Viking  
  94  12:38  Viking x2  
  94  12:43  Banshee x2, Orbital Command  
  94  12:44  Banshee  
  106  12:49  Terran Infantry Armor Level 1  
  109  12:54  Supply Depot  
  109  12:57  Supply Depot  
  109  13:01  SCV  
  109  13:02  SCV  
  109  13:05  SCV  
  112  13:09  Refinery  
  112  13:13  SCV  
  112  13:14  SCV  
  112  13:17  SCV  
  115  13:21  Supply Depot  
  115  13:25  SCV  
  115  13:26  Banshee x3, SCV  
  126  13:29  SCV  
  122  13:37  SCV  
  118  13:41  SCV  
  116  13:50  SCV  
  116  13:53  SCV  
  114  14:09  Banshee x3  
  123  14:46  Refinery  
  123  14:50  Missile Turret  
  123  14:52  Banshee x2  
  129  14:55  Marine x3  
  129  14:58  Command Center  
  132  15:09  Missile Turret  
  132  15:12  Marine  
  132  15:13  Marine x2  
  100  15:29  Missile Turret  
  100  15:30  Marine  
  100  15:31  Marine x2  
  85  15:46  Banshee  
  85  15:47  Banshee x2  
  85  15:48  Marine x2  
  85  15:49  Viking, Marine  
  97  15:50  Viking, Missile Turret  
  97  15:54  Starport Tech Lab  
  97  15:55  Terran Vehicle Weapons Level 2  
  97  15:57  Terran Vehicle And Ship Armor Level 2  
  99  16:00  Terran Ship Weapons Level 2  
  99  16:06  Marine  
  99  16:10  Missile Turret  
  100  16:19  Viking  
  100  16:20  Viking  
  104  16:29  Banshee x3, Missile Turret  
  113  16:33  Cloaking Field  
  113  16:35  Hyperflight Rotors  
  113  16:39  Banshee  
  116  16:49  Viking  
  116  16:50  Viking, Missile Turret  
  97  17:07  Marine x3  
  80  17:10  Siege Tank, Missile Turret  
  80  17:12  Banshee x3  
  87  17:19  Viking  
  87  17:20  Viking  
  87  17:21  Banshee  
  94  17:25  Marine x3  
  81  17:31  Missile Turret  
  81  17:42  Marine, Siege Tank  
  81  17:43  Marine x2  
  83  17:55  Banshee x3  
  83  17:57  SCV x3  
  95  18:00  Marine  
  95  18:01  Marine x2  
  95  18:04  Banshee  
  101  18:09  SCV x3  
  104  18:14  Siege Tank  
  104  18:18  Marine  
  104  18:19  Marine x2  
  110  18:21  SCV x3  
  107  18:33  SCV x3  
  103  18:37  Marine  
  103  18:38  Banshee x3  
  105  18:47  Banshee  
  90  19:20  Banshee  
  90  19:21  Banshee x2  
  93  19:25  Marine x3  
  89  19:43  Marine x3  
  59  20:00  Marine  
  59  20:01  Marine x2  
  59  20:02  Viking x2  
  59  20:03  Viking  
  59  20:04  Viking x2  
  57  20:18  Marine  
  57  20:19  Marine x2  
Show
View Real Time Build Order
Export as new Build Order

Sparky Protoss 

Build Orders: Carriers 

Get SALT Encoding   

  12  0:01  Probe  
  13  0:13  Probe  
  14  0:25  Probe  
  14  0:26  Pylon  
  15  0:44  Probe  
  16  0:51  Gateway  
  16  0:53  Assimilator  
  16  0:55  Probe  
  17  1:03  Probe  
  17  1:11  Probe  
  19  1:22  Probe  
  20  1:30  Forge, Pylon  
  20  1:35  Probe  
  20  1:39  Zealot  
  23  1:48  Probe  
  24  2:13  Probe  
  25  2:22  Pylon  
  25  2:31  Cybernetics Core  
  25  2:32  Probe  
  25  2:36  Assimilator  
  26  2:44  Probe  
  27  2:56  Probe  
  28  3:06  Photon Cannon  
  28  3:08  Photon Cannon  
  27  3:19  Probe  
  28  3:26  Warp Gate  
  28  3:27  Nexus  
  28  3:30  Pylon  
  28  3:31  Probe  
  28  3:32  Photon Cannon  
  29  3:45  Gateway  
  29  3:50  Pylon  
  29  3:51  Probe  
  29  3:54  Pylon  
  30  4:01  Pylon  
  30  4:03  Probe  
  31  4:14  Robotics Facility  
  31  4:15  Probe  
  32  4:27  Probe, Stargate  
  33  4:33  Stalker  
  33  4:34  Stalker  
  37  4:43  Probe  
  37  4:44  Probe  
  39  4:50  Assimilator  
  39  4:51  Probe  
  39  4:52  Probe  
  39  4:54  Assimilator  
  41  5:00  Probe  
  41  5:01  Observer  
  43  5:22  Probe  
  43  5:23  Observer  
  43  5:24  Probe  
  43  5:26  Oracle  
  49  5:44  Observer  
  50  5:51  Stalker x2  
  54  6:00  Twilight Council  
  54  6:37  Zealot x2  
  58  6:41  Probe x2  
  58  6:43  Oracle  
  63  6:53  Probe, Stargate  
  64  6:56  Stargate  
  64  7:12  Zealot x2  
  68  7:30  Phoenix  
  70  7:39  Fleet Beacon, Probe x2  
  73  7:51  Probe  
  73  8:01  Nexus  
  73  8:03  Pylon  
  73  8:27  Void Ray  
  73  8:28  Carrier x2  
  86  8:57  Probe x2  
  86  9:01  Void Ray  
  88  9:09  Probe, Anion Pulse-Crystals  
  89  9:15  Observer  
  93  9:23  Phoenix  
  90  9:24  Phoenix  
  90  9:32  Probe x3  
  97  9:40  Phoenix  
  97  9:42  Phoenix  
  97  9:43  Phoenix  
  97  9:44  Probe x3  
  106  9:57  Phoenix  
  106  10:06  Stargate  
  108  10:07  Stargate  
  108  10:11  Assimilator  
  108  10:15  Assimilator, Probe  
  108  10:17  Pylon  
  108  10:19  Pylon  
  109  10:21  Pylon  
  109  10:35  Phoenix x3, Probe x2  
  117  10:37  Probe  
  118  10:47  Probe x2  
  120  11:00  Phoenix x2  
  123  11:23  Phoenix  
  123  11:25  Phoenix x2  
  129  12:00  Phoenix x3  
  129  12:25  Phoenix x2  
  121  12:52  Phoenix x3  
  121  13:17  Phoenix x3  
  125  13:25  Probe x3  
  120  13:37  Probe  
  113  13:42  Phoenix  
  109  13:58  Carrier x2  
  115  14:07  Carrier  
  121  14:24  Probe x2  
  121  14:25  Probe  
  124  14:42  Probe x2  
  124  14:43  Probe  
  127  14:58  Carrier, Nexus  
  127  14:59  Carrier  
  127  15:02  Pylon x2  
  127  15:03  Pylon x3  
  127  15:06  Pylon  
  131  15:10  Carrier  
  131  15:11  Carrier  
  129  15:18  Phoenix  
  127  15:43  Carrier  
  133  15:57  Carrier  
  133  15:58  Carrier  
  145  16:04  Observer  
  134  16:44  Carrier  
  134  16:45  Carrier  
  144  16:48  Carrier  
  143  17:04  Carrier  
  149  17:49  Carrier x2  
  136  18:09  Carrier  
Tags
 
Add a new tag
Caveats
  • Supply blocks, unpowered buildings, or Contaminate may cause inaccurate times.
  • Supply counts are checked every 10 seconds.